 Dungeon Crawl Stone Soup version 0.31-a0-819-gf6de2f5ab6 (webtiles) character file.

Game seed: 10692496866174868813

769 Kurtz the Cleaver (level 7, -1/44 (46) HPs)
             Began as an Octopode Fighter on Sept 23, 2023.
             Was an Initiate of Ashenzari.
             Killed by divine providence
             ... invoked by an orc priest
              (13 damage)
             ... on level 4 of the Dungeon.
             The game lasted 00:07:04 (3635 turns).

Kurtz the Cleaver (Octopode Fighter)                Turns: 3635, Time: 00:07:05

HP:   -1/44 (46)    AC:  1    Str: 16    XL:     7   Next: 82%
MP:   7/7           EV: 13    Int: 10    God:    Ashenzari [......]
Gold: 201           SH:  5    Dex: 13    Spells: 6/6 levels left

rFire   . . .        a - +0 war axe
rCold   . . .        b - +0 buckler of Star-Bound Wisdom {Fort, Dev} (curse)
rNeg    . . .        (helmet restricted)
rPois   .            (no amulet)
rElec   .            (no ring)
rCorr   .            (no ring)
SInv    .            (no ring)
Will    .....        (no ring)
Stlth   ++           (no ring)
HPRegen 0.27/turn    (no ring)
MPRegen 0.10/turn    (no ring)
                     (no ring)

%: no passive effects
@: mighty, lightly drained
A: almost no armour, amphibious, 8 rings, camouflage 1, gelatinous body 1,
(nimble swimmer 1), tentacles
a: Renounce Religion, Shatter the Chains


You were on level 4 of the Dungeon.
You worshipped Ashenzari.
Ashenzari was noncommittal.
You visited 1 branch of the dungeon, and saw 5 of its levels.
You also visited: Sewer.

You collected 271 gold pieces.
You spent 70 gold pieces at shops.

Inventory:

Hand Weapons
 a - a +0 war axe (weapon)
Missiles
 o - 9 poisoned darts (quivered)
Armour
 b - the cursed +0 buckler of Star-Bound Wisdom (worn) {Fort, Dev}

   It has a curse which improves the following skills: Fortitude: Shields.
   Devices:   Evocations and Shapeshifting.
Jewellery
 n - an amulet of regeneration
Wands
 r - a wand of flame (22)
Scrolls
 d - a scroll of vulnerability {unknown}
 f - a scroll of immolation {unknown}
 g - 2 scrolls of summoning {unknown}
 h - a scroll of fog {unknown}
 j - a scroll of silence {unknown}
 l - 4 scrolls of identify {unknown}
 q - a scroll of poison {unknown}
 t - a scroll of fear {unknown}
Potions
 c - 2 potions of might
 e - a potion of invisibility {unknown}
 i - a potion of cancellation {unknown}
 k - 3 potions of curing
 m - 2 potions of brilliance {unknown}
 p - 2 potions of enlightenment
 s - a potion of berserk rage {unknown}


   Skills:
 - Level 3.0 Fighting
 * Level 8.6 Axes
 - Level 3.0 Dodging
 * Level 3.1(3.4) Shields


You had 6 spell levels left.
You didn't know any spells.
Your spell library contained the following spells:

 Spells                   Type           Power      Damage    Failure   Level
 Slow                     Hex            0%         N/A       43%         1
 Cigotuvi's Dreadful Rot  Necr/Pois/Air  0%         N/A       58%         2
 Confusing Touch          Hex            0%         N/A       82%         3
 Sigil of Binding         Hex            0%         N/A       82%         3
 Vampiric Draining        Necr           0%         2d6       82%         3
 Dispel Undead            Necr           0%         3d6       99%         4
 Death Channel            Necr           0%         N/A       100%        6


Dungeon Overview and Level Annotations

Branches:
Dungeon (5/15)             Temple (0/1) D:4           Sewer (visited)

Altars:
Ashenzari
Elyvilon
Kikubaaqudgha
Nemelex Xobeh

Shops:
D:2 !   D:3 =

Annotations:
D:4 1 runed translucent door, Sundig's ghost, amateur DgFi


Innate Abilities, Weirdness & Mutations

You cannot wear most types of armour.
You are amphibious.
You can wear up to eight rings at the same time.
Your skin changes colour to match your surroundings (Stealth+).
Your rubbery body absorbs attacks. (AC +1, EV +1)
((You are camouflaged when in or above water. (Stealth+)))
You have tentacles for arms and can constrict up to eight enemies at once.


Message History

The orc attacks as it pursues you!
The orc hits you with a +0 flail of draining!
You feel drained.
You bump into the rock wall.
The adder misses you.
You feel less confused. Something hits you. The orc closely misses you.
The adder closely misses you.
Okay, then.
Something hits you. The orc barely misses you. The adder barely misses you.
The orc throws a boomerang.
The boomerang hits you. The adder misses you. Something hits you.
There is a stone staircase leading up here.
The adder misses you.
You hear some strange, mumbled words.
Something tries to affect you, but you resist.
The orc hits you with a +0 flail of draining.
You feel drained.
* * * LOW HITPOINT WARNING * * *
The orc priest hits you with a +0 hand axe.
* * * LOW HITPOINT WARNING * * *
The adder misses you.
You climb upwards.
Level annotation: 1 runed translucent door, Sundig's ghost, amateur DgFi Reactivating autopickup.
There is a stone staircase leading down here.
You feel better. Something hits you.
Deactivating autopickup; reactivate with Ctrl-A.
The orc misses you.
The orc priest invokes the aid of Beogh against you.
You struggle to resist.
The adder bites you.
* * * LOW HITPOINT WARNING * * *
You feel very mighty all of a sudden. The adder misses you.
Something barely misses you. The orc closely misses you.
You block the orc priest's attack.
You closely miss the orc priest. You grab the orc priest. You slash the adder!
You kill the adder!
You closely miss something. You hit the orc. You constrict the orc priest.
You block something's attack. The orc barely misses you.
The orc priest mumbles some strange prayers to Beogh against you.
Beogh smites you!
You die...

#.# #.....##
♣♣...... ###.#
#.....# ♣♣.....
###...# #.....#
♣♣...♣
#...#####.....#
♣♣.....
#.##..##.)##..#
♣♣......
#.#........#..#
♣...≈~≈.
#.............#
♣♣..≈≈~≈≈
#......o.....##
♣...~~_~~
#.#....{@).###
♣♣..≈≈~≈≈
#.#.....o..##
♣...≈~≈.
#...........#
♣♣......
#...........#
♣♣.....
#.#........##
♣♣...♣
#.##..##..##
♣♣.....
#.....#####
♣♣....[.
#######
♣...≈~≈.
#..≈≈~≈≈


You could see an orc priest and an orc.

Vanquished Creatures
  An ogre (D:4)
  A phantom (D:4)
  A kobold brigand (Sewer)
  A bullfrog (D:4)
  A scorpion (D:4)
  2 vampire bats (D:4)
  A hound (D:3)
  Jessica (D:3)
  Ijyb (D:3)
  An iguana (D:4)
  An orc wizard (D:3)
  8 adders
  An ufetubus (D:4)
  3 worms
  4 dart slugs
  12 orcs
  4 bats
  2 bat skeletons (D:4)
  3 bat zombies (D:4)
  5 endoplasms
  5 giant cockroaches
  10 hobgoblins
  A jackal (Sewer)
  11 kobolds
  4 quokkas
  16 ball pythons
  5 frilled lizards
  9 goblins
  13 rats
128 creatures vanquished.

Notes
Turn   | Place    | Note
-------+----------+-------------------------------------------
     0 | D:1      | Kurtz the Octopode Fighter began the quest for the Orb.
     0 | D:1      | Reached XP level 1. HP: 16/16 MP: 1/1
   293 | D:1      | Reached XP level 2. HP: 21/21 MP: 2/2
   366 | D:1      | Reached skill level 3 in Axes
   564 | D:1      | Reached XP level 3. HP: 26/26 MP: 3/3
   896 | D:2      | Found Odunaad's Distillery.
   915 | D:2      | Reached skill level 4 in Axes
   919 | D:2      | Bought a potion of curing for 30 gold pieces
   919 | D:2      | Bought a potion of might for 40 gold pieces
   979 | D:2      | Reached XP level 4. HP: 29/31 MP: 4/4
  1177 | D:3      | Found Xajuiq's Jewellery Shoppe.
  1232 | D:3      | Found a sparkling altar of Nemelex Xobeh.
  1292 | D:3      | Reached skill level 5 in Axes
  1328 | D:3      | Reached XP level 5. HP: 16/36 MP: 5/5
  1394 | D:3      | Noticed Jessica
  1397 | D:3      | Killed Jessica
  1613 | D:3      | Found a broken altar of Ashenzari.
  1626 | D:3      | Became a worshipper of Ashenzari the Shackled
  1695 | D:3      | Found a glowing drain.
  1710 | Sewer    | Entered a sewer
  1744 | Sewer    | Noticed a kobold brigand
  1755 | Sewer    | Killed a kobold brigand
  1756 | Sewer    | Reached skill level 6 in Axes
  1756 | Sewer    | Reached XP level 6. HP: 37/42 MP: 6/6
  1784 | Sewer    | Found a white marble altar of Elyvilon.
  2060 | D:3      | Noticed Ijyb
  2068 | D:3      | Killed Ijyb
  2406 | D:4      | Found a staircase to the Ecumenical Temple.
  2547 | D:4      | Reached skill level 7 in Axes
  2682 | D:4      | Found a white marble altar of Elyvilon.
  2753 | D:4      | Found an ancient bone altar of Kikubaaqudgha.
  2759 | D:4      | Reached XP level 7. HP: 42/46 MP: 7/7
  2845 | D:4      | Found the +18 Lear's hauberk
  3211 | D:4      | Noticed Sundig's ghost (amateur DgFi)
  3212 | D:4      | Found a runed translucent door.
  3275 | D:4      | Reached skill level 8 in Axes
  3404 | D:5      | Entered Level 5 of the Dungeon
  3635 | D:4      | Killed from afar by an orc priest

Illustrated notes

Levels and vault maps discovered:
D:1:      heliophobic_arrival_henge, layout_rooms
D:2:      layout_basic, serial_shops, nicolae_shop_industrial_runoff
D:3:      minmay_razor_zed, layout_basic, mainiacjoe_overflow_catch_the_wave,
          serial_shops, nicolae_shop_tiny_statue_garden,
          cheibrodos_sewer_entry_sluice, uniq_jessica, uniq_ijyb
D:4:      layout_basic, kennysheep_vampire_church, elyvilon_altar_3,
          minmay_temple_entry_waves, hellmonk_ghost_happy_afterlife,
          st_stairs_5, roderic_lattice_a
D:5:      minmay_inner_zag, layout_layer_cave, nicolae_tso_besieged_by_evil,
          guppyfry_early_lair_pool

Skill      XL: |  1  2  3  4  5  6  7 |
---------------+----------------------+-----
Axes           | 3 4 5 6 7 8 |  8.6
Fighting       | |  3.0
Dodging        | |  3.0
Shields        | |  3.1

Action                     |  1- 3 |  4- 6 |  7- 9 || total
---------------------------+-------+-------+-------++-------
  Melee: War axe           |    59 |   142 |    46 ||   247
         Constrict         |    14 |    43 |     7 ||    64
         Tentacles         |    10 |    31 |     7 ||    48
         Punch             |       |     1 |     1 ||     2
 Invoke: Curse Item        |       |       |     1 ||     1
    Use: Potion            |       |     1 |     2 ||     3
   Stab: Sleeping          |     8 |    12 |     1 ||    21
 Armour: Skin              |    24 |    56 |    30 ||   110
  Dodge: Dodged            |    42 |    79 |    51 ||   172
  Block: Buckler           |    13 |    29 |    10 ||    52

Table legend: (Time is in decaauts)
 A = Elapsed time spent in this place.
 B = Non-inter-level travel time spent in this place.
 C = Inter-level travel time spent in this place.
 D = Time resting spent in this place.
 E = Time spent auto-exploring this place.
 F = Levels seen in this place.
 G = Mean time per level.
                   A        B        C        D        E       F      G
               +--------+--------+--------+--------+--------+-----+--------+
         Total |   3703 |   3513 |    190 |    321 |   2154 |   6 |  617.2 |
       Dungeon |   3493 |   3303 |    190 |    321 |   2044 |   5 |  698.6 |
         Sewer |    209 |    209 |      0 |      0 |    110 |   1 |  209.0 |
               +--------+--------+--------+--------+--------+-----+--------+

Top non-repeatable levels by time:
     D:4: 1191 daAuts
     D:3: 1017 daAuts
     D:1: 703 daAuts
     D:2: 521 daAuts
   Sewer: 209 daAuts
     D:5: 60 daAuts
